 Dungeon Crawl Stone Soup version 0.30.1-11-g7821555f0a (webtiles) character file.

Game seed: 12275799067704629832

72967 Kallu the Wrestler (level 15, -11/138 HPs)
             Began as a Ghoul Monk on Jan 7, 2024.
             Was the Champion of Wu Jian.
             Killed from afar by a deep elf zephyrmancer (40 damage)
             ... with a bolt of lightning
             ... on level 2 of the Orcish Mines.
             The game lasted 00:45:14 (20182 turns).

Kallu the Wrestler (Ghoul Monk)                    Turns: 20182, Time: 00:45:17

Health: -11/138    AC: 23    Str: 21    XL:     15   Next: 41%
Magic:  14/14      EV:  7    Int: 11    God:    Wu Jian [******]
Gold:   2107       SH:  0    Dex: 13    Spells: 14/14 levels left

rFire   . .          .
                       - Unarmed
rCold   + . .        c - orb {light}
rNeg    + + +        k - +0 plate armour
rPois   ∞            h - +1 helmet
rElec   .            i - +1 cloak
rCorr   .            (no gloves)
SInv    .            (no boots)
Will    +....        (no amulet) Stlth
                     U - +4 ring of protection
HPRegen 0.00/turn    V - +6 ring of intelligence
MPRegen 0.14/turn

%: no passive effects
@: inhibited regen, glowing
A: claws 1, cold resistance 1, negative energy resistance 3, inhibited
regeneration, torment resistance 2, devour on kill
a: Renounce Religion, Wall Jump, Serpent's Lash, Heavenly Storm


You were on level 2 of the Orcish Mines.
You worshipped Wu Jian.
Wu Jian was exalted by your worship.
You visited 6 branches of the dungeon, and saw 22 of its levels.
You also visited: Sewer.

You collected 2320 gold pieces.
You spent 213 gold pieces at shops.

Inventory:

Missiles
 t - 15 poisoned darts (quivered)
 J - 3 curare-tipped darts
 N - 2 throwing nets
 Q - 6 silver javelins
Armour
 c - an orb of light (worn)
 h - a +1 helmet (worn)
 i - a +1 cloak (worn)
 k - a +0 plate armour (worn)
 x - a +2 pair of gloves
Jewellery
 n - a ring of ice
 R - an amulet of faith
 U - a +4 ring of protection (left claw)
 V - a +6 ring of intelligence (right claw)
Wands
 E - a wand of roots (12)
 S - a wand of flame (9)
 T - a wand of charming (3)
 X - a wand of mindburst (4)
Scrolls
 a - 4 scrolls of fear {unknown}
 f - 6 scrolls of immolation
 g - 6 scrolls of fog
 l - 2 scrolls of poison {unknown}
 m - 5 scrolls of magic mapping
 o - 4 scrolls of blinking
 q - 4 scrolls of silence {unknown}
 r - 6 scrolls of amnesia
 s - a scroll of enchant armour
 u - 6 scrolls of enchant weapon
 w - 6 scrolls of vulnerability
 y - 3 scrolls of teleportation
 z - a scroll of brand weapon {unknown}
 B - 5 scrolls of summoning
 G - 5 scrolls of noise
Potions
 b - 2 potions of ambrosia
 d - 3 potions of might
 e - 2 potions of magic {unknown}
 j - 5 potions of attraction
 p - 3 potions of berserk rage
 v - 7 potions of curing
 A - 4 potions of degeneration {unknown}
 C - 4 potions of invisibility
 D - a potion of cancellation {unknown}
 F - 6 potions of heal wounds
 H - 4 potions of lignification {unknown}
 I - 3 potions of flight {unknown}
 L - 3 potions of brilliance {unknown}
 M - 2 potions of resistance
 O - 2 potions of haste {unknown}
Miscellaneous
 K - a piece from Xom's chessboard (15/15)
 P - a phantom mirror


   Skills:
 * Level 14.0 Fighting
 - Level 10.0 Armour
 - Level 2.6 Dodging
 + Level 23.8 Unarmed Combat
 - Level 4.0 Evocations


You had 14 spell levels left.
You didn't know any spells.
Your spell library contained the following spells:

 Spells                   Type           Power      Damage    Failure   Level
 Sting                    Tmut/Pois      0%         1d3       99%         1
 Blink                    Tloc           0%         N/A       100%        2
 Ensorcelled Hibernation  Hex/Ice        0%         N/A       100%        2
 Poisonous Vapours        Pois/Air       0%         N/A       100%        2
 Call Canine Familiar     Summ           0%         N/A       100%        3
 Mephitic Cloud           Conj/Pois/Air  0%         N/A       100%        3
 Portal Projectile        Hex/Tloc       0%         N/A       100%        3
 Stone Arrow              Conj/Erth      0%         3d7       100%        3
 Anguish                  Hex/Necr       0%         N/A       100%        4
 Animate Armour           Summ/Erth      0%         N/A       100%        4
 Leda's Liquefaction      Hex/Erth       0%         N/A       100%        4
 Manifold Assault         Tloc           0%         N/A       100%        4
 Olgreb's Toxic Radiance  Pois           0%         N/A       100%        4
 Petrify                  Tmut/Erth      0%         N/A       100%        4
 Alistair's Intoxication  Tmut/Pois      0%         N/A       100%        5
 Borgnjor's Vile Clutch   Necr/Erth      0%         N/A       100%        5
 Freezing Cloud           Conj/Ice/Air   0%         6-21      100%        5
 Metabolic Englaciation   Hex/Ice        0%         N/A       100%        5
 Eringya's Noxious Bog    Tmut/Pois      0%         N/A       100%        6
 Simulacrum               Ice/Necr       0%         N/A       100%        6
 Ozocubu's Refrigeration  Ice            0%         4d7       100%        7
 Lehudib's Crystal Spear  Conj/Erth      0%         10d2      100%        8
 Polar Vortex             Ice            0%         N/A       100%        9
 Spider Form              Tmut/Pois      Unusable   N/A       N/A         3
 Statue Form              Tmut/Erth      Unusable   N/A       N/A         6
 Storm Form               Tmut/Air       Unusable   N/A       N/A         7

Dungeon Overview and Level Annotations

Branches:
Dungeon (12/15)            Temple (1/1) D:7            Lair (5/5) D:8
 Shoals (0/4) Lair:3       Spider (0/4) Lair:2        Slime (1/5) Lair:4
    Orc (2/2) D:9             Elf (1/3) Orc:2         Sewer (visited)

Altars:
Ashenzari
Cheibriados
Dithmenos
Fedhas
Gozag
Hepliaklqana
Kikubaaqudgha
Makhleb
Nemelex Xobeh
Okawaru
Qazlal
Ru
Sif Muna
Trog
Uskayaw
Vehumet
Wu Jian
Xom
Yredelemnul
Jiyva

Shops:
Orc:2 =!*(*

Portals:
Trove: D:11 (give +2 shadow dragon scales)

Annotations:
Lair:3 3 runed translucent doors, ripuliukko's ghost, journeyman GrEE


Innate Abilities, Weirdness & Mutations

You are immune to poison.
You have sharp fingernails.
Your flesh is cold resistant. (rC+)
You are immune to negative energy. (rN+++)
You do not regenerate when monsters are visible.
You are immune to unholy pain and torment.
You thrive by killing the living.


Message History

The deep elf zephyrmancer blinks!
The deep elf zephyrmancer hits you but does no damage.
The +2 trident of distortion hits you but does no damage.
Space warps around you.
Blink to where?
Press: ? - help, Dir - move target
As you read the scroll of blinking, it crumbles to dust.
The deep elf zephyrmancer gestures wildly while chanting.
The deep elf zephyrmancer blinks!
Unknown command.
The +2 trident of distortion hits you from afar.
Space warps horribly around you!
The deep elf pyromancer gestures wildly while chanting.
The deep elf zephyrmancer hits you but does no damage.
The deep elf zephyrmancer mumbles some strange words.
The deep elf zephyrmancer blinks!
The deep elf zephyrmancer gestures wildly while chanting.
The deep elf zephyrmancer blinks!
The +2 trident of distortion hits you from afar!
* * * LOW HITPOINT WARNING * * *
Space warps around you.
* * * LOW HITPOINT WARNING * * *
You climb upwards.
Welcome back to the Orcish Mines!
There is a staircase to the Elven Halls here.
You claw the deep elf zephyrmancer!
The deep elf zephyrmancer is moderately wounded.
The deep elf zephyrmancer hits you with a +0 dagger.
* * * LOW HITPOINT WARNING * * *
You feel much better.
The deep elf zephyrmancer points at you and mumbles some strange words.
The bolt of lightning hits you!!
* * * LOW HITPOINT WARNING * * *
You spin and attack the deep elf zephyrmancer repeatedly.
You claw the deep elf zephyrmancer!
The deep elf zephyrmancer is severely wounded.
You claw the deep elf zephyrmancer!
The deep elf zephyrmancer is almost dead.
The deep elf zephyrmancer casts a spell at you.
The bolt of lightning hits you!!!
You die...

#####..####...<...
##.##.....#..8.∩.8. ###
#...##.......##....
##.######.#........###8...
#...##.##.........####..##
####..#.........[..###..####
##..#......#.................
#...........#................
##.....[#...@e..######)..####
#.....))#.#.>..##............
##..#.[#......##.............
###...#......#.....)#####...
#...........#.....[)#.#....
##...........#.....#.....#§.
###....[.......#....###.))###.
##.....#........#..#..#.....#..
#...............#..##.).#∩#...#


You could see a deep elf zephyrmancer.

Vanquished Creatures
  Gastronok (Orc:1)
  An orc warlord (Orc:1)
  Snorg (D:12)
  5 hydras
  Erica (Orc:1)
  4 boulder beetles
  2 two-headed ogres (D:10)
  Urug (D:10)
  5 death yaks
  4 orc high priests (Orc:2)
  3 skysharks
  A pharaoh ant (Lair:2)
  A deep elf pyromancer (Elf:1)
  A lindwurm (Lair:3)
  An orc sorcerer (Orc:2)
  3 cyclopes
  2 wolf spiders
  An ugly thing (D:12)
  8 black mambas
  3 elephants (Lair:4)
  A guardian serpent (Lair:5)
  A gargoyle (D:9)
  A water nymph (Lair:3)
  18 cane toads
  4 rime drakes
  7 komodo dragons
  Psyche (D:12)
  2 trolls (Orc:2)
  11 polar bears
  A tarantella (Lair:2)
  4 hornets
  A raiju (Lair:5)
  17 blink frogs
  9 dream sheep (Lair:5)
  A slime creature (Lair:4)
  A jumping spider (Lair:3)
  2 shadows
  Eustachio (D:4)
  57 yaks
  4 wraiths
  19 wyverns
  3 steam dragons
  5 redbacks
  9 wargs
  Menkaure (D:4)
  An acid dragon (D:11)
  14 hell hounds (Lair:5)
  40 water moccasins
  14 black bears
  3 ice beasts
  20 orc warriors
  30 wolves
  8 centaurs
  2 ogres
  3 phantoms
  2 kobold brigands (D:8)
  5 scorpions
  6 bullfrogs
  3 gnoll sergeants
  5 killer bees (D:9)
  An electric eel (Lair:1)
  3 howler monkeys
  A lava snake (Lair:3)
  6 jellies
  30 orc priests
  2 gnoll boudas
  A hound (D:4)
  Terence (D:3)
  4 iguanas
  3 sleepcaps
  29 orc wizards
  A hell rat (Sewer)
  21 adders
  20 gnolls
  3 river rats
  2 shadow imps
  A white imp (D:8)
  2 worms
  3 dart slugs
  79 orcs
  3 endoplasms (D:2)
  6 giant cockroaches
  4 goblins
  7 hobgoblins
  8 jackals
  5 quokkas
  5 ball pythons
  5 bats
  7 frilled lizards
  8 kobolds
  8 rats
665 creatures vanquished.

Vanquished Creatures (others)
  An orc priest (Orc:2)
1 creature vanquished.

Grand Total: 666 creatures vanquished

Notes
Turn   | Place    | Note
-------+----------+-------------------------------------------
     0 | D:1      | Kallu the Ghoul Monk began the quest for the Orb.
     0 | D:1      | Reached XP level 1. HP: 19/19 MP: 0/0
   130 | D:1      | Reached XP level 2. HP: 26/26 MP: 1/1
   133 | D:1      | Reached skill level 4 in Unarmed Combat
   424 | D:1      | Reached XP level 3. HP: 31/31 MP: 2/2
   483 | D:2      | Found a broken altar of Ashenzari.
   741 | D:2      | Reached skill level 1 in Armour
   741 | D:2      | Reached skill level 5 in Unarmed Combat
   741 | D:2      | Reached XP level 4. HP: 38/38 MP: 3/3
  1113 | D:3      | Noticed Terence
  1126 | D:3      | Killed Terence
  1202 | D:3      | Reached XP level 5. HP: 43/45 MP: 4/4
  1725 | D:4      | Reached skill level 6 in Unarmed Combat
  1725 | D:4      | Reached XP level 6. HP: 43/51 MP: 5/5
  1813 | D:4      | Found a snail-covered altar of Cheibriados.
  1813 | D:4      | Found a hide-covered altar of Uskayaw.
  1815 | D:4      | Found a radiant altar of Vehumet.
  1815 | D:4      | Found a shimmering blue altar of Sif Muna.
  2065 | D:4      | Reached skill level 7 in Unarmed Combat
  2134 | D:4      | Noticed Eustachio
  2207 | D:4      | Killed Eustachio
  2208 | D:4      | Reached XP level 7. HP: 29/57 MP: 6/6
  2397 | D:4      | Noticed Menkaure
  2404 | D:4      | Killed Menkaure
  2405 | D:4      | Reached skill level 8 in Unarmed Combat
  2510 | D:4      | Reached skill level 9 in Unarmed Combat
  2577 | D:4      | Reached XP level 8. HP: 61/63 MP: 7/7
  2765 | D:5      | Entered Level 5 of the Dungeon
  2849 | D:5      | Identified the +1 leather armour of the Lily {Will+ Int-4
                  | SInv}
  2906 | D:5      | Reached skill level 10 in Unarmed Combat
  3098 | D:5      | Reached skill level 11 in Unarmed Combat
  3671 | D:5      | Identified a scroll of acquirement
  3790 | D:6      | Reached XP level 9. HP: 66/70 MP: 8/8
  3836 | D:6      | Reached skill level 12 in Unarmed Combat
  3929 | D:6      | Found a glowing drain.
  3961 | Sewer    | Entered a sewer
  3962 | Sewer    | Acquired a manual of Unarmed Combat
  4470 | D:6      | Reached skill level 5 in Fighting
  4719 | D:6      | Reached skill level 13 in Unarmed Combat
  5225 | D:7      | Found a staircase to the Ecumenical Temple.
  5371 | Temple   | Entered the Ecumenical Temple
  5467 | Temple   | Became a worshipper of the Wu Jian Council
  5467 | Temple   | Reached * piety under Wu Jian
  5467 | Temple   | Reached ** piety under Wu Jian
  5979 | D:8      | Reached XP level 10. HP: 79/88 MP: 9/9
  5990 | D:8      | Reached skill level 14 in Unarmed Combat
  6023 | D:8      | Found a staircase to the Lair.
  6622 | D:8      | Found a blossoming altar of Fedhas.
  6623 | D:8      | Found an ancient bone altar of Kikubaaqudgha.
  6666 | D:8      | Found a shadowy altar of Dithmenos.
  6975 | D:9      | Reached skill level 15 in Unarmed Combat
  7152 | D:9      | Noticed a gargoyle
  7156 | D:9      | Killed a gargoyle
  7157 | D:9      | Reached skill level 10 in Fighting
  7239 | D:9      | Found a staircase to the Orcish Mines.
  7641 | D:9      | Reached *** piety under Wu Jian
  8053 | Lair:1   | Entered Level 1 of the Lair of Beasts
  8053 | Lair:1   | Noticed a cane toad
  8059 | Lair:1   | Killed a cane toad
  8060 | Lair:1   | Reached skill level 16 in Unarmed Combat
  8066 | Lair:1   | Reached XP level 11. HP: 99/99 MP: 10/10
  8077 | Lair:1   | Reached skill level 5 in Armour
  8389 | Lair:1   | Reached skill level 17 in Unarmed Combat
  8418 | Lair:1   | Reached **** piety under Wu Jian
  8820 | Lair:1   | Reached skill level 18 in Unarmed Combat
  9373 | Lair:2   | Reached XP level 12. HP: 65/106 MP: 11/11
  9522 | Lair:2   | Noticed a skyshark
  9531 | Lair:2   | Killed a skyshark
  9694 | Lair:2   | Noticed a boulder beetle
  9723 | Lair:2   | Killed a boulder beetle
  9835 | Lair:2   | Reached skill level 10 in Armour
  9941 | Lair:2   | Found a hole to the Spider Nest.
 10609 | Lair:3   | You fall into a shaft and drop 2 floors!
 10609 | Lair:5   | Entered Level 5 of the Lair of Beasts
 10662 | Lair:5   | Reached ***** piety under Wu Jian
 10663 | Lair:5   | Reached skill level 19 in Unarmed Combat
 10864 | Lair:5   | Noticed a five-headed hydra
 10867 | Lair:5   | Noticed a skyshark
 10878 | Lair:4   | Found a staircase to the Slime Pits.
 10878 | Lair:4   | Found a viscous altar of Jiyva.
 10892 | Lair:4   | Noticed a seven-headed hydra
 10912 | Lair:4   | Killed a seven-headed hydra
 10913 | Lair:4   | Reached XP level 13. HP: 70/113 MP: 12/12
 11033 | Lair:3   | Reached skill level 20 in Unarmed Combat
 11457 | Lair:4   | Identified the +7 shortbow of Qazlal's Regard {speed, rN+
                  | Int+4 SInv}
 11474 | Lair:3   | Found a runed translucent gate.
 11475 | Lair:3   | Found a runed translucent gate.
 11475 | Lair:3   | Noticed ripuliukko's ghost (journeyman GrEE)
 11476 | Lair:3   | Found a runed translucent gate.
 11524 | Lair:3   | Found a staircase to the Shoals.
 11617 | Lair:3   | Reached skill level 21 in Unarmed Combat
 12165 | Lair:3   | Found a runed translucent door.
 13019 | Lair:5   | Reached skill level 22 in Unarmed Combat
 13114 | Lair:5   | Reached ****** piety under Wu Jian
 13201 | Lair:5   | Reached XP level 14. HP: 101/121 MP: 13/13
 13449 | Slime:1  | Entered Level 1 of the Pits of Slime
 13767 | Lair:5   | Reached skill level 23 in Unarmed Combat
 15284 | Lair:3   | Found a runed translucent gate.
 15284 | Lair:3   | Found a runed translucent gate.
 15284 | Lair:3   | Found a runed translucent gate.
 15284 | Lair:3   | Found a runed translucent gate.
 15284 | Lair:3   | Found a runed translucent gate.
 15285 | Lair:3   | Found a runed translucent gate.
 15349 | Lair:3   | Reached skill level 1 in Evocations
 15633 | D:10     | Entered Level 10 of the Dungeon
 15854 | D:10     | Noticed Urug
 15864 | D:10     | Killed Urug
 16692 | D:10     | Found a stormy altar of Qazlal.
 16934 | D:11     | Found Zin's Purification Station.
 16942 | D:11     | Bought a potion of curing for 90 gold pieces
 17284 | D:11     | Reached XP level 15. HP: 134/134 MP: 14/14
 17454 | D:11     | Found a portal to a secret trove of treasure.
 17784 | D:12     | Noticed Psyche
 17789 | D:12     | Killed Psyche
 18393 | D:12     | Noticed Snorg
 18401 | D:12     | Killed Snorg
 18644 | Orc:1    | Entered Level 1 of the Orcish Mines
 18725 | Orc:1    | Noticed Erica
 18737 | Orc:1    | Killed Erica
 18765 | Orc:1    | Noticed Gastronok
 18775 | Orc:1    | Killed Gastronok
 18879 | Orc:1    | You fall into a shaft and drop 1 floor!
 18879 | Orc:2    | Entered Level 2 of the Orcish Mines
 18879 | Orc:2    | Found Tysybupp's Distillery.
 18879 | Orc:2    | Found Kamouk's Antique Weapon Shop.
 18879 | Orc:2    | Found Jonisa's Assorted Antiques.
 18884 | Orc:2    | Found Buotixaa's Jewellery Boutique.
 18895 | Orc:2    | Found a staircase to the Elven Halls.
 18928 | Orc:2    | Noticed an orc warlord
 18936 | Orc:1    | Killed an orc warlord
 19909 | Orc:2    | Bought a potion of curing for 54 gold pieces
 19911 | Orc:2    | Bought a scroll of identify for 48 gold pieces
 19942 | Orc:2    | Found Futtopeh's Assorted Antiques.
 19950 | Orc:2    | Bought a scroll labelled WAEXKU SOIMN for 21 gold pieces
 20166 | Elf:1    | Entered Level 1 of the Elven Halls
 20182 | Orc:2    | Killed from afar by a deep elf zephyrmancer

Illustrated notes

Levels and vault maps discovered:
D:1:      giann_forest_graveyard, layout_basic
D:2:      layout_basic, basic_altar, minmay_tromino_mix6
D:3:      layout_basic, mainiacjoe_overflow_concentric_impassable,
          hellmonk_no_cap, uniq_terence
D:4:      layout_basic, grunt_temple_overflow_open, uniq_menkaure,
          uniq_eustachio
D:5:      layout_basic, minivault_19
D:6:      layout_loops_cross, portal_sewer_entry_a
D:7:      layout_loops_ring, minmay_temple_entry_enclosed_plants,
          minmay_gold_behind_fungi, hangedman_decor_clover_reticule
D:8:      layout_cave_pools, grunt_temple_overflow_growth_and_decay,
          grunt_dithmenos_smoke, minmay_lair_entry_grove, st_stairs_11
D:9:      layout_basic, orc_0_dummy
D:10:     layout_basic, nicolae_qazlal_scattered_showers, uniq_urug
D:11:     layout_basic, nicolae_trove_entry_columns, zin_purify
D:12:     layout_loops_cross, uniq_snorg, uniq_psyche
Temple:   nicolae_temple_hex_pool
Lair:1:   lemuel_reptile_caves, layout_gridlike, serial_rivers,
          chequers_serial_rivers_small_b, chequers_serial_rivers_room_a,
          chequers_serial_rivers_small_3, chequers_serial_rivers_micro_e,
          chequers_serial_rivers_small_b, chequers_serial_rivers_micro_e,
          ldierk_geyser
Lair:2:   layout_regular_city, nicolae_spider_entry_lesser_pyramids
Lair:3:   gammafunk_indiana_jones, layout_hall_layers,
          nicolae_shoals_entry_flooding, gammafunk_ghost_hydra_chop
Lair:4:   layout_roguey, minmay_slime_entry_pillars
Lair:5:   hangedman_lair_caniforms_friends, layout_hall_layers,
          hangedman_lair_tendril_chambers
Slime:1:  layout_caves, nicolae_slime_getting_an_eyeful
Orc:1:    layout_diamond_mine, uniq_erica, uniq_gastronok
Orc:2:    st_orc_mages, layout_caves, serial_shops, nicolae_shop_statue_plus,
          basic_altar
Elf:1:    elf_arrival_002, layout_rooms, serial_shops, shop, minmay_elf_sorcery,
          evilmike_spriggan_trog_shrine, grunt_megastairs_3, uniq_agnes

Skill      XL: |  1  2  3  4  5  6  7  8  9 10 11 12 13 14 15 |
---------------+----------------------------------------------+-----
Unarmed Combat | 4 5 6 7 9 11 13 16 18 19 22 23 | 23.8
Armour         | 1 2 3 4 8 10 | 10.0
Fighting       | 7 10 12 14 | 14.0
Evocations     | 3 4 |  4.0
Dodging        | |  2.6

Action                     |  1- 3 |  4- 6 |  7- 9 | 10-12 | 13-15 || total
---------------------------+-------+-------+-------+-------+-------++-------
  Melee: Unarmed           |    61 |   195 |   222 |   565 |   987 ||  2030
 Invoke: Serpent's Lash    |       |       |       |       |     2 ||     2
         Heavenly Storm    |       |       |       |       |     1 ||     1
Ability: Lunge             |       |       |     4 |    45 |    73 ||   122
         Whirlwind         |       |       |     2 |   124 |   214 ||   340
         Wall Jump         |       |       |     1 |    26 |    82 ||   109
  Evoke: Piece from Xom's  |       |       |       |     1 |       ||     1
         Wand              |       |       |       |     2 |     1 ||     3
    Use: Scroll            |       |       |     7 |     3 |    15 ||    25
         Potion            |       |       |       |       |     3 ||     3
 Armour: Robe              |     8 |       |       |       |       ||     8
         Plate armour      |    18 |   106 |   115 |   225 |   387 ||   851
  Dodge: Dodged            |    29 |    51 |    58 |   102 |   182 ||   422
